 Dungeon Crawl Stone Soup version 0.27.1-2-g3b301248ec (webtiles) character file.

Game seed: 13464546493825396107

439 Borgoz the Skirmisher (level 7, -6/66 HPs)
             Began as a Gargoyle Berserker on Sept 26, 2021.
             Was a Believer of Trog.
             Mangled by an ogre (20 damage)
             ... on level 3 of the Dungeon.
             The game lasted 00:02:21 (3089 turns).

Borgoz the Skirmisher (Gargoyle Berserker)          Turns: 3089, Time: 00:02:21

Health: -6/66      AC: 10    Str: 20    XL:     7   Next: 1%
Magic:  7/7        EV: 11    Int:  8    God:    Trog [**....]
Gold:   170        SH:  0    Dex: 11    Spells: 6/6 levels left

rFire    . . .     SeeInvis .   a - +0 mace
rCold    . . .     Faith    .   (no shield)
rNeg     + . .     Spirit   .   q - +0 ring mail
rPois    ∞         Reflect  .   (no helmet)
rElec    +         Harm     .   (no cloak)
rCorr    .         Rampage  .   (no gloves)
Will     .....                  (no boots)
Stlth    ..........             (no amulet)
HPRegen  0.21/turn              (no ring)
MPRegen  0.10/turn              (no ring)

@: berserking, very quick
A: sickness immunity, AC +4, negative energy resistance 1, electricity
resistance, torment resistance 1, petrification resistance
a: Renounce Religion, Berserk, Trog's Hand


You were on level 3 of the Dungeon.
You worshipped Trog.
Trog was pleased with you.
You visited 1 branch of the dungeon, and saw 5 of its levels.

You collected 170 gold pieces.

Inventory:

Hand Weapons
 a - a +0 mace (weapon)
Armour
 q - a +0 ring mail (worn)
Scrolls
 e - a scroll of magic mapping {unknown}
 f - a scroll of amnesia {unknown}
 g - a scroll of brand weapon {unknown}
 h - a scroll of vulnerability {unknown}
 k - a scroll of blinking {unknown}
 m - a scroll of identify {unknown}
 o - a scroll of immolation {unknown}
Potions
 c - 2 potions of curing {unknown}
 d - a potion of mutation {unknown}
 i - a potion of magic {unknown}
 j - 2 potions of berserk rage {unknown}
 l - a potion of lignification {unknown}
 p - a potion of ambrosia {unknown}


   Skills:
 + Level 5.0 Fighting
 + Level 4.6 Maces & Flails
 + Level 4.3 Armour
 + Level 3.2 Dodging


You had 6 spell levels left.
You didn't know any spells.
Your spell library was empty.

Dungeon Overview and Level Annotations

Branches:
Dungeon (5/15)             Temple (0/1) D:4

Altars:
Zin

Shops:
D:5 =


Innate Abilities, Weirdness & Mutations

You are immune to sickness and miasma.
Your stone body is resilient. (AC +4)
You are immune to poison.
You resist negative energy. (rN+)
You are resistant to electric shocks. (rElec)
You are resistant to unholy torment.
You are immune to petrification.


Message History

You kill the orc!
Trog accepts your kill.
You hit the orc.
The orc is almost dead.
The orc hits you but does no damage. The orc barely misses you.
You sock the orc!
You kill the orc!
Trog accepts your kill.
You hit the orc but do no damage. The orc hits you with a +0 war axe.
You hit the orc.
The orc is almost dead.
The orc hits you with a +0 war axe.
You hit the orc but do no damage.
The orc is almost dead.
The orc hits you but does no damage.
You hit the orc but do no damage.
The orc is almost dead.
The orc barely misses you.
You closely miss the orc.
The orc is almost dead.
The orc hits you but does no damage. The orc barely misses you.
You hit the orc.
You kill the orc!
Trog accepts your kill.
You sock the ogre!
The ogre is moderately wounded.
The ogre hits you with a +0 giant club!
You hit the ogre but do no damage.
The ogre is moderately wounded.
The ogre hits you with a +0 giant club.
You sock the ogre!
The ogre is severely wounded.
The ogre hits you with a +0 giant club!
* * * LOW HITPOINT WARNING * * *
You are too injured to fight recklessly!
You are too injured to fight recklessly!
A red film seems to cover your vision as you go berserk!
You feel yourself moving faster!
You feel mighty!
The ogre hits you with a +0 giant club!!
You die...

.# . ..........###
.####.. ............
....... ..........#
....... ....oO....#
....... ..........##.#
.....## ########.....#
.....# #.##### .....####
#O# .........# #@#
.........# #.#
.........# #.#
.........# #.#
.........# #.#
.........# #.#
.........# #.#
.........# #.#######
..##.....#######.......#


You could see an ogre.

Vanquished Creatures
  Grinder (D:3)
  A black bear (D:4)
  A phantom (D:4)
  2 adders
  2 worms
  2 dart slugs
  6 orcs (D:3)
  2 bats
  5 endoplasms
  6 giant cockroaches
  5 goblins
  5 hobgoblins
  7 jackals
  7 kobolds
  4 quokkas
  5 ball pythons
  2 frilled lizards (D:1)
  2 rats
65 creatures vanquished.

Notes
Turn   | Place    | Note
-------+----------+-------------------------------------------
     0 | D:1      | Borgoz the Gargoyle Berserker began the quest for the Orb.
     0 | D:1      | Reached XP level 1. HP: 14/14 MP: 1/1
   259 | D:1      | Reached XP level 2. HP: 19/19 MP: 2/2
   303 | D:1      | Found a faded altar of an unknown god.
  1007 | D:2      | Reached ** piety under Trog
  1008 | D:2      | Reached XP level 3. HP: 20/23 MP: 3/3
  1716 | D:3      | Found a glowing silver altar of Zin.
  1717 | D:3      | Noticed an angel
  1785 | D:3      | You fall into a shaft and drop 2 floors!
  1785 | D:5      | Entered Level 5 of the Dungeon
  1787 | D:5      | Found Pobase Rafad's Jewellery Shoppe.
  1845 | D:4      | Found a staircase to the Ecumenical Temple.
  1863 | D:4      | Noticed a black bear
  1873 | D:4      | Killed a black bear
  1874 | D:4      | Reached skill level 4 in Fighting
  1874 | D:4      | Reached XP level 4. HP: 10/29 MP: 4/4
  1874 | D:4      | Reached XP level 5. HP: 11/33 MP: 5/5
  2176 | D:4      | Noticed a phantom
  2193 | D:4      | Killed a phantom
  2194 | D:4      | Reached XP level 6. HP: 13/39 MP: 6/6
  2447 | D:3      | Noticed Grinder
  2462 | D:3      | Paralysed by Grinder for 6 turns
  2471 | D:3      | Killed Grinder
  2636 | D:3      | Reached skill level 5 in Fighting
  3076 | D:3      | Reached XP level 7. HP: 43/44 MP: 7/7
  3089 | D:3      | Mangled by an ogre

Illustrated notes

Levels and vault maps discovered:
D:1:      beargit_arrival_diablo_church, layout_basic,
          ebering_ecumenical_altar_ruins
D:2:      layout_basic
D:3:      layout_basic, zin_angel, kennysheep_generic_room_14, uniq_grinder
D:4:      layout_gridville, mainiacjoe_overflow_brackets,
          minmay_temple_entry_ruins, st_stairs_13
D:5:      layout_basic, grunt_temple_overflow_champion_of_chaos,
          mainiacjoe_overflow_alcove_1, dk_yredelemnul_ordeal, serial_shops,
          nicolae_stop_n_shop_2, uniq_edmund, uniq_pikel

Skill      XL: |  1  2  3  4  5  6 |
---------------+-------------------+-----
Dodging        | 2 3 |  3.2
Fighting       | 4 5 |  5.0
Armour         | 3 4 |  4.3
Maces & Flails | 4 |  4.6

Action                   |  1- 3 |  4- 6 |  7- 9 || total
-------------------------+-------+-------+-------++-------
Melee: Mace              |   116 |    91 |    13 ||   220
Invok: Berserk           |     1 |     2 |     1 ||     4
 Stab: Sleeping          |     1 |       |       ||     1
Armor: Animal skin       |    37 |    29 |       ||    66
       Ring mail         |       |     9 |     3 ||    12
Dodge: Dodged            |    97 |    69 |     4 ||   170
